 Dungeon Crawl Stone Soup version 0.30-a0-702-gdf48620a09 (webtiles) character file.

Game seed: 3218174479663475460

16450 flotson the Fighter (level 12, 0/82 HPs)
             Began as a Demonspawn Delver on Jan 21, 2023.
             Was an Elder of Hepliaklqana.
             Slain by a five-headed hydra (5 damage)
             ... on level 2 of the Lair of Beasts.
             The game lasted 00:21:49 (13133 turns).

flotson the Fighter (Demonspawn Delver)            Turns: 13133, Time: 00:21:50

Health: 0/82       AC: 17    Str: 17    XL:     12   Next: 10%
Magic:  0/17       EV: 12    Int: 14    God:    Hepliaklqana [****..]
Gold:   767        SH: 10    Dex: 15    Spells: 11/11 levels left

rFire   x . .      SeeInvis +    a - +5 rapier "Jopon" {flame, rPois rF- rN++ Will+++}
rCold   . . .      Faith    .    w - +0 kite shield
rNeg    + + .      Spirit   +    j - +0 ring mail
rPois   +          Reflect  .    N - +3 crown of Dyrovepreva {rElec Int+2 SInv}
rElec   +          Harm     .    I - +0 cloak
rCorr   +          Rampage  .    (no gloves)
Will    +++..                    u - +1 pair of boots
Stlth   ++                       G - amulet of guardian spirit
HPRegen 0.33/turn                y - +4 ring of slaying
MPRegen 0.15/turn                E - +4 ring of slaying

@: about to teleport, slowed, very slow
A: reduced essence, horns 1, yellow scales 3, demonic guardian 2, powered by
pain 1
a: Renounce Religion, Recall Ancestor, Ancestor Identity, Transference, Idealise


You were on level 2 of the Lair of Beasts.
You worshipped Hepliaklqana.
Hepliaklqana was greatly pleased with you.
You visited 3 branches of the dungeon, and saw 13 of its levels.

You collected 767 gold pieces.

Inventory:

Hand Weapons
 a - the +5 rapier "Jopon" (weapon) {flame, rPois rF- rN++ Will+++}
   (You found it on level 4 of the Dungeon)

   rF:        It makes you vulnerable to fire.
   rPois:     It protects you from poison.
   rN:        It greatly protects you from negative energy.
   Will:      It greatly increases your willpower.
 b - a +2 trident of protection
 P - a +3 scimitar of flaming
Missiles
 i - 3 curare-tipped darts
 p - 22 poisoned darts (quivered)
 D - 3 javelins
 R - 4 throwing nets
Armour
 j - a +0 ring mail (worn)
 u - a +1 pair of boots (worn)
 w - a +0 kite shield (worn)
 I - a +0 cloak (worn)
 N - the +3 crown of Dyrovepreva (worn) {rElec Int+2 SInv}
   (You found it on level 8 of the Dungeon)

   Int:       It affects your intelligence (+2).
   rElec:     It insulates you from electricity.
   SInv:      It lets you see invisible.
Jewellery
 q - a ring of protection from cold
 v - a ring of positive energy
 y - a +4 ring of slaying (left hand)
 E - a +4 ring of slaying (right hand)
 F - an amulet of reflection
 G - an amulet of guardian spirit (around neck)
Wands
 g - a wand of digging (3)
 K - a wand of paralysis (9)
 O - a wand of mindburst (3)
 Q - a wand of iceblast (3)
Scrolls
 c - 2 scrolls of fog
 d - 4 scrolls of magic mapping
 e - a scroll of immolation {unknown}
 f - a scroll of acquirement {unknown}
 h - 3 scrolls of blinking
 k - 3 scrolls of enchant armour {unknown}
 l - 5 scrolls of teleportation
 m - 5 scrolls of vulnerability {unknown}
 t - a scroll of amnesia {unknown}
 x - a scroll of brand weapon {unknown}
 A - a scroll of enchant weapon {unknown}
 B - a scroll of torment {unknown}
 M - a scroll of fear
Potions
 n - 4 potions of heal wounds
 o - 2 potions of flight
 r - 3 potions of lignification
 s - 5 potions of curing
 z - a potion of might
 C - a potion of haste
 H - 2 potions of resistance
 J - 2 potions of cancellation
 L - a potion of invisibility


   Skills:
 + Level 8.0 Fighting
 * Level 5.9 Axes
 + Level 6.6 Throwing
 + Level 6.6 Armour
 + Level 6.9 Dodging
 - Level 5.0 Stealth
 + Level 6.4 Shields
 + Level 7.6 Invocations
 + Level 7.4 Evocations


You had 11 spell levels left.
You didn't know any spells.
Your spell library contained the following spells:

 Spells                   Type           Power      Damage    Failure   Level
 Beastly Appendage        Tmut           0%         N/A       78%         1
 Sting                    Tmut/Pois      0%         1d3       78%         1
 Wereblood                Tmut           0%         N/A       89%         2
 Ignite Poison            Fire/Tmut/Pois 0%         N/A       98%         3
 Kindle Blastsparks       Fire/Tloc/Air  0%         2d10      98%         3
 Portal Projectile        Hex/Tloc       0%         N/A       98%         3
 Spider Form              Tmut/Pois      0%         N/A       98%         3
 Tukima's Dance           Hex            0%         N/A       98%         3
 Blade Hands              Tmut           0%         N/A       100%        5
 Freezing Cloud           Conj/Ice/Air   0%         6-21      100%        5


Dungeon Overview and Level Annotations

Branches:
Dungeon (10/15)            Temple (1/1) D:6            Lair (2/5) D:8
 Spider (0/4) Lair:2          Orc (0/2) D:9
  Swamp: Lair:2-3    Shoals: Lair:2-3

Altars:
Ashenzari
Cheibriados
Dithmenos
Fedhas
Gozag
Hepliaklqana
Kikubaaqudgha
Makhleb
Nemelex Xobeh
Okawaru
Qazlal
Ru
Sif Muna
Trog
Uskayaw
Vehumet
Wu Jian
Xom
Yredelemnul

Annotations:
D:10 3 runed translucent doors, Loveship's ghost, novice DsTm


Innate Abilities, Weirdness & Mutations

Your life essence is reduced to manifest your ancestor. (-10% HP)
You have a pair of small horns on your head.
You are completely covered in yellow scales. (AC +4, rCorr)
A demonic guardian rushes to your aid.
You sometimes gain a little power by taking damage.


Message History

You block the five-headed hydra's attack.
The five-headed hydra bites you.
The five-headed hydra closely misses you.
The five-headed hydra barely misses you.
The five-headed hydra bites you. The wolf bites you but does no damage.
The five-headed hydra bites you!
The five-headed hydra barely misses you.
You block the five-headed hydra's attack.
The five-headed hydra bites you.
The five-headed hydra closely misses you.
Your Fighting skill increases to level 8!
You are too injured to fight recklessly!
You are too injured to fight recklessly!
You are too injured to fight recklessly!
The wolf attacks as you move away! The wolf bites you but does no damage.
The wolf bites you. The five-headed hydra bites you.
The five-headed hydra closely misses you.
The five-headed hydra bites you but does no damage.
You block the five-headed hydra's attack.
The five-headed hydra misses you.
A wyvern comes into view.
The wolf closely misses you.
As you read the scroll of teleportation, it crumbles to dust.
You feel strangely unstable. The wolf bites you but does no damage.
The five-headed hydra bites you but does no damage. x2
The five-headed hydra bites you!
* * * LOW HITPOINT WARNING * * *
The five-headed hydra bites you but does no damage.
The five-headed hydra completely misses you.
The wolf bites you but does no damage.
The five-headed hydra bites you but does no damage.
The five-headed hydra bites you!
* * * LOW HITPOINT WARNING * * *
A demonic guardian appears!
The five-headed hydra bites you!
* * * LOW HITPOINT WARNING * * *
You block the five-headed hydra's attack.
The five-headed hydra bites you but does no damage.
The five-headed hydra attacks as you move away!
The five-headed hydra bites you.
You die...

#.......### ### #P...#
##.....### ####.###..#.#
###...#.##
##.#.#....####
#P(......####........##
###...#..<.....R..##..##
#[#..####...####..#.#..#
#...P# ##..##4...#######
#...####..###..###~!$
##....#..###.@##≈≈l)?
##...##...# ##hDS≈≈≈~~
#P...#...## #Fw.≈≈≈~~
##..P#...## #.#≈≈~~~≈
#...R#..## ..#≈≈~≈≈≈
##..#....# #.##≈≈≈≈l
#<......## #.. #≈.≈#
##P##..>.# ##. ...#
######..## # #..


You could see a five-headed hydra, a torpor snail, a cane toad, a wyvern
(wandering), a wolf (ally target), an electric eel and a friendly ice devil
(summoned).

Vanquished Creatures
  A death yak (Lair:2)
  A black mamba (Lair:2)
  A gargoyle (D:8)
  A torpor snail (Lair:2)
  A cane toad (Lair:2)
  A komodo dragon (Lair:1)
  A rime drake (Lair:1)
  A troll (D:8)
  A tarantella (Lair:2)
  A wyvern (D:9)
  13 yaks
  Eustachio (D:6)
  A basilisk (Lair:2)
  A steam dragon (D:6)
  A redback (Lair:2)
  Grum (Lair:1)
  A vampire mosquito (D:10)
  Edmund (D:6)
  Duvessa (D:4)
  2 water moccasins
  An ice beast (D:7)
  3 orc warriors
  2 sky beasts (D:7)
  An ogre (D:4)
  A centaur (D:7)
  A kobold brigand (D:9)
  3 scorpions
  3 bullfrogs
  4 wights
  Dowan (D:4)
  5 killer bees
  7 electric eels
  2 lava snakes (D:7)
  3 hounds
  2 orc priests
  A gnoll bouda (D:6)
  A jelly (D:5)
  Crazy Yiuf (D:6)
  2 iguanas (D:6)
  9 orc wizards
  Robin (D:3)
  2 gnolls (D:6)
  2 adders
  A shadow imp (D:6)
  2 white imps
  2 ufetubi
  A worm (D:2)
  A dart slug (D:1)
  31 orcs
  6 endoplasms
  4 giant cockroaches
  15 goblins
  12 hobgoblins
  3 jackals (D:1)
  2 quokkas
  9 ball pythons
  2 bats (D:2)
  3 frilled lizards
  7 kobolds
  8 rats
200 creatures vanquished.

Vanquished Creatures (collateral kills)
  Harold (Lair:2)
  Erica (D:9)
  A pharaoh ant (Lair:2)
  A gargoyle (D:8)
  A rime drake (Lair:2)
  A tarantella (Lair:2)
  2 wyverns
  15 yaks
  2 steam dragons
  2 vampire mosquitoes (D:10)
  An acid dragon (D:8)
  5 water moccasins
  2 orc warriors
  A black bear (Lair:2)
  A sky beast (D:8)
  4 wolves (Lair:1)
  2 centaurs
  3 bullfrogs
  3 wights (D:7)
  8 killer bees (D:10)
  3 electric eels
  An orc priest (D:8)
  2 orc wizards
  3 gnolls (D:6)
  A white imp (D:7)
  8 orcs
  4 kobolds (D:9)
  A goblin (D:4)
80 creatures vanquished.

Vanquished Creatures (others)
  5 battlemagi
  3 ancestors (D:8)
  A fungus (D:6)
  13 plants (D:6)
22 creatures vanquished.

Grand Total: 302 creatures vanquished

Notes
Turn   | Place    | Note
-------+----------+-------------------------------------------
     0 | D:5      | flotson the Demonspawn Delver began the quest for the Orb.
     0 | D:5      | Reached XP level 1. HP: 18/18 MP: 1/1
     2 | D:5      | Noticed a scorpion
    15 | D:5      | Noticed an orc priest
   193 | D:5      | Noticed a hound
   210 | D:4      | Killed a hound
   211 | D:4      | Gained mutation: A weak demonic guardian rushes to your
                  | aid. [demonic ancestry]
   211 | D:4      | Reached XP level 2. HP: 5/24 MP: 2/2
   211 | D:4      | Gained mutation: A demonic guardian rushes to your aid.
                  | [demonic ancestry]
   211 | D:4      | Reached XP level 3. HP: 6/29 MP: 3/3
   527 | D:2      | Reached skill level 1 in Evocations
   690 | D:2      | Reached skill level 1 in Armour
   762 | D:2      | Reached skill level 1 in Throwing
   834 | D:1      | Reached XP level 4. HP: 28/35 MP: 4/4
  2416 | D:3      | Gained mutation: You have a pair of small horns on your
                  | head. [demonic ancestry]
  2416 | D:3      | Reached XP level 5. HP: 39/41 MP: 5/5
  2522 | D:3      | Noticed Robin
  2548 | D:3      | Killed Robin
  2549 | D:3      | Reached skill level 5 in Stealth
  2628 | D:3      | Found a blossoming altar of Fedhas.
  2628 | D:3      | Found a stormy altar of Qazlal.
  2993 | D:4      | Noticed Dowan
  3069 | D:4      | Reached skill level 1 in Shields
  3097 | D:4      | Identified the +5 rapier "Jopon" {flame, rPois rF- rN++
                  | Will+++}
  3310 | D:4      | Reached XP level 6. HP: 39/48 MP: 3/6
  3394 | D:4      | Noticed Duvessa
  3400 | D:4      | Killed Duvessa
  3401 | D:4      | Reached skill level 4 in Fighting
  3451 | D:4      | Found a bloodstained altar of Trog.
  3462 | D:4      | Found a shimmering blue altar of Sif Muna.
  3467 | D:4      | Killed Dowan
  3468 | D:4      | Gained mutation: You are partially covered in yellow
                  | scales. (AC +2) [demonic ancestry]
  3468 | D:4      | Reached XP level 7. HP: 54/54 MP: 7/7
  3473 | D:4      | Got Sif Muna's Guide on Variation
  4165 | D:5      | Identified the +2 helmet "Kekauc" {+Blink rCorr Int-5}
  4343 | D:6      | Noticed Eustachio
  4357 | D:6      | Killed Eustachio
  4516 | D:6      | Reached XP level 8. HP: 61/61 MP: 8/8
  4850 | D:6      | Found a runed translucent door.
  4851 | D:6      | Noticed Crazy Yiuf
  4858 | D:6      | Killed Crazy Yiuf
  4900 | D:6      | Noticed Edmund
  4905 | D:6      | Reached skill level 5 in Fighting
  5198 | D:6      | Killed Edmund
  5272 | D:6      | Found a staircase to the Ecumenical Temple.
  5285 | Temple   | Entered the Ecumenical Temple
  5586 | Temple   | Became a worshipper of Hepliaklqana the Forgotten
  6171 | D:6      | Reached skill level 1 in Invocations
  6873 | D:7      | Reached XP level 9. HP: 53/68 MP: 7/10
  7049 | D:7      | Found a shimmering blue altar of Sif Muna.
  7266 | D:7      | Reached * piety under Hepliaklqana
  7352 | D:7      | Reached skill level 5 in Evocations
  7478 | D:7      | Reached skill level 6 in Fighting
  7603 | D:7      | Reached skill level 5 in Dodging
  8073 | D:8      | Found a staircase to the Lair.
  8292 | D:8      | Noticed a troll
  8474 | D:8      | Found the +3 crown of Dyrovepreva {rElec Int+2 SInv}
  8475 | D:8      | Noticed a gargoyle
  8567 | D:8      | Killed a troll
  8568 | D:8      | Reached skill level 5 in Throwing
  8568 | D:8      | Reached skill level 5 in Armour
  8568 | D:8      | Gained mutation: You sometimes gain a little power by
                  | taking damage. [demonic ancestry]
  8568 | D:8      | Reached XP level 10. HP: 45/69 MP: 7/13
  8654 | D:8      | Noticed a gargoyle
  8682 | D:8      | Killed a gargoyle
  9218 | D:8      | Reached skill level 5 in Shields
  9254 | D:8      | Reached ** piety under Hepliaklqana
  9255 | D:8      | Remembered your ancestor Huemac as a battlemage
  9400 | D:8      | Killed a gargoyle
  9401 | D:8      | Reached skill level 5 in Invocations
  9605 | D:9      | Found a shimmering altar of Xom.
  9746 | D:9      | Noticed Erica
  9756 | D:9      | Killed Erica
  9807 | D:9      | Found a staircase to the Orcish Mines.
 10032 | D:9      | Reached skill level 7 in Fighting
 10564 | D:10     | Entered Level 10 of the Dungeon
 10594 | D:10     | Gained mutation: You are mostly covered in yellow scales.
                  | (AC +3) [demonic ancestry]
 10594 | D:10     | Reached XP level 11. HP: 57/75 MP: 10/15
 11116 | D:10     | Found a runed translucent gate.
 11116 | D:10     | Found a runed translucent gate.
 11116 | D:10     | Found a runed translucent gate.
 11118 | D:10     | Found an opulent altar of Gozag.
 11121 | D:10     | Noticed an ice dragon
 11121 | D:10     | Noticed a green ugly thing
 11121 | D:10     | Noticed Loveship's ghost (novice DsTm)
 11632 | Lair:1   | Entered Level 1 of the Lair of Beasts
 11810 | Lair:1   | Reached *** piety under Hepliaklqana
 12122 | Lair:1   | Noticed Grum
 12130 | Lair:1   | Reached skill level 5 in Axes
 12136 | Lair:1   | Killed Grum
 12642 | Lair:2   | Noticed a death yak
 12654 | Lair:2   | Killed a death yak
 12741 | Lair:2   | Noticed Harold
 12750 | Lair:2   | Killed Harold
 12779 | Lair:2   | Noticed a pharaoh ant
 12905 | Lair:2   | Killed a pharaoh ant
 12906 | Lair:2   | Gained mutation: You are completely covered in yellow
                  | scales. (AC +4, rCorr) [demonic ancestry]
 12906 | Lair:2   | Reached XP level 12. HP: 82/82 MP: 17/17
 12913 | Lair:2   | Found a hole to the Spider Nest.
 12989 | Lair:2   | Reached **** piety under Hepliaklqana
 13124 | Lair:2   | Noticed a five-headed hydra
 13131 | Lair:2   | Reached skill level 8 in Fighting
 13133 | Lair:2   | Slain by a five-headed hydra

Illustrated notes

Levels and vault maps discovered:
D:1:      kilobyte_arrival_exit_the_forest, layout_rooms, minmay_door_square,
          chequers_serial_rivers_micro_e, minmay_tetromino_t2
D:2:      layout_basic
D:3:      layout_loops_ring, grunt_temple_overflow_forces_of_nature, uniq_robin
D:4:      layout_gridville, nzn_overflow_gifts_of_might_and_magic,
          corexii_leaking_fountain
D:5:      layout_loops_ring
D:6:      layout_loops_corners, minmay_temple_entry_statues, serial_bayou,
          serial_bayou_shore_a, serial_bayou_pond_e, serial_bayou_lagoon_a,
          serial_bayou_pond_c, serial_bayou_ford_a, serial_bayou_pond_a,
          ebering_dispersal_statue_hall, serial_bayou_lagoon_b, uniq_duvessa,
          uniq_eustachio, uniq_crazy_yiuf_cottage, uniq_edmund
D:7:      layout_rooms, kennysheep_little_box, minmay_misc_feat_nine_boxes,
          kennysheep_diamond
D:8:      nicolae_moon_pools, layout_basic, wad_mini_maze
D:9:      layout_long_grid, mainiacjoe_overflow_catwalk, orc_0_dummy, uniq_erica
D:10:     layout_basic, ebering_ghost_gozag
Temple:   minmay_temple_bridge_d
Lair:1:   layout_misc_corridors, uniq_grum
Lair:2:   layout_cave_pods, nicolae_spider_entry_lesser_pyramids,
          pdpol_lair_cavern_descent, uniq_harold

Skill      XL: |  1  2  3  4  5  6  7  8  9 10 11 12 |
---------------+-------------------------------------+-----
Axes           | 2 3 5 |  5.9
Dodging        | 2 3 4 5 6 |  6.9
Evocations     | 1 2 3 4 5 6 7 |  7.4
Armour         | 1 2 3 4 5 6 |  6.6
Throwing       | 1 2 3 4 5 6 |  6.6
Stealth        | 5 |  5.0
Shields        | 1 2 3 4 5 6 |  6.4
Fighting       | 4 5 6 7 8 |  8.0
Invocations    | 1 4 6 7 |  7.6

Action                   |  1- 3 |  4- 6 |  7- 9 | 10-12 || total
-------------------------+-------+-------+-------+-------++-------
Melee: Hand axe          |    62 |    48 |       |       ||   110
       Punch             |     1 |       |       |       ||     1
       Whip              |       |   108 |       |       ||   108
       Headbutt          |       |    12 |    46 |    62 ||   120
       Rapier            |       |    15 |   239 |   109 ||   363
       Trident           |       |       |     6 |   181 ||   187
Throw: Dart              |       |       |    20 |     8 ||    28
Invok: Recall Ancestor   |       |       |     1 |       ||     1
       Ancestor Life: Ba |       |       |       |     1 ||     1
  Use: Potion            |     1 |       |     1 |     1 ||     3
       Scroll            |       |       |     2 |    14 ||    16
 Stab: Sleeping          |     3 |    12 |     2 |     3 ||    20
       Distracted        |       |     1 |     2 |     5 ||     8
Armor: Ring mail         |    27 |    63 |    90 |   148 ||   328
Dodge: Dodged            |    32 |    74 |   110 |   177 ||   393
Block: Kite shield       |       |    47 |   125 |   180 ||   352

Table legend: (Time is in decaauts)
 A = Elapsed time spent in this place.
 B = Non-inter-level travel time spent in this place.
 C = Inter-level travel time spent in this place.
 D = Time resting spent in this place.
 E = Time spent auto-exploring this place.
 F = Levels seen in this place.
 G = Mean time per level.
                   A        B        C        D        E       F      G
               +--------+--------+--------+--------+--------+-----+--------+
         Total |  13428 |  12934 |    494 |    491 |   9991 |  13 | 1032.9 |
       Dungeon |  11509 |  11172 |    337 |    491 |   8518 |  10 | 1150.9 |
        Temple |    374 |    224 |    150 |      0 |    214 |   1 |  374.0 |
          Lair |   1544 |   1538 |      6 |      0 |   1259 |   2 |  772.0 |
               +--------+--------+--------+--------+--------+-----+--------+

Top non-repeatable levels by time:
     D:6: 2229 daAuts
     D:8: 1740 daAuts
     D:7: 1158 daAuts
     D:4: 1117 daAuts
    D:10: 1052 daAuts
     D:1: 1020 daAuts
     D:9: 1006 daAuts
  Lair:1: 940 daAuts
     D:2: 804 daAuts
     D:3: 736 daAuts
     D:5: 642 daAuts
  Lair:2: 604 daAuts
  Temple: 374 daAuts
